 Dungeon Crawl Stone Soup version 0.24.1 (webtiles) character file.

Game seed: 5587370823862505493, levelgen mode: deterministic

162045 Peloso the Peltast (level 17, 0/156 HPs)
             Began as a Minotaur Fighter on Mar 29, 2020.
             Was the Champion of Okawaru.
             Slain by a shambling mangrove (16 damage)
             ... on level 2 of the Swamp.
             The game lasted 01:49:09 (35030 turns).

Peloso the Peltast (Minotaur Fighter)              Turns: 35030, Time: 01:49:10

Health: 0/156      AC: 22    Str: 29    XL:     17   Next: 21%
Magic:  19/19      EV: 14    Int:  5    God:    Okawaru [******]
Gold:   2244       SH: 17    Dex:  8    Spells: 16/16 levels left

rFire    . . .     SeeInvis .   a - +9 sword of Zonguldrok {reap}
rCold    + . .     Gourm    .   c - +1 shield {reflect}
rNeg     + + .     Faith    +   E - +4 ring mail of Peloso's Defiance {+Inv rPois rN++ Dex-4}
rPois    +         Spirit   .   t - +0 hat of Nihilism {-Cast +Blink MR++ rCorr}
rElec    .         Reflect  +   R - +0 cloak {rC+}
rCorr    +         Harm     .   K - +2 pair of gloves {archery}
MR       ++++.     NoCast   +   Z - +0 pair of boots {Fly}
Stlth    +.........             o - amulet of faith
HPRegen  0.36/turn              H - +3 ring of strength
MPRegen  0.16/turn              I - ring of protection from magic

@: lethally poisoned (0 -> -1), flying, very slightly contaminated
A: retaliatory headbutt, horns 2, iridescent scales 1
a: Heroism, Finesse, Renounce Religion, Evoke Blink, Evoke Invisibility, Stop
Flying


You were on level 2 of the Swamp.
You worshipped Okawaru.
Okawaru was exalted by your worship.
You were not hungry.

You visited 7 branches of the dungeon, and saw 30 of its levels.
You also visited: Gauntlet, Ice Cave and Volcano.

You collected 3371 gold pieces.
You spent 1127 gold pieces at shops.

Inventory:

Hand Weapons
 a - the +9 sword of Zonguldrok (weapon) {reap}
   (Okawaru gifted it to you on level 1 of the Elven Halls)

   If a monster killed with it leaves a corpse in good enough shape, the corpse
   will be animated as a zombie friendly to the killer.
 b - the +12 Vampire's Tooth {vamp}
   (You found it on level 11 of the Dungeon)

   It inflicts no extra harm, but heals its wielder when it wounds a living foe.
 B - a +1 scimitar of flaming
Armour
 c - a +1 shield of reflection (worn)
 t - the +0 hat of Nihilism (worn) {-Cast +Blink MR++ rCorr}
   (You found it in a Gauntlet)

   It affects your resistance to hostile enchantments.
   It lets you blink.
   It prevents spellcasting.
   It provides partial protection from all sources of acid and corrosion.
 C - a +0 plate armour of fire resistance
 E - the +4 ring mail of Peloso's Defiance (worn) {+Inv rPois rN++ Dex-4}
   (Okawaru gifted it to you on level 1 of the Elven Halls)

   It affects your dexterity (-4).
   It protects you from poison.
   It greatly protects you from negative energy.
   It lets you turn invisible.
 K - a +2 pair of gloves of archery (worn)
 R - a +0 cloak of cold resistance (worn)
 Z - a +0 pair of boots of flying (worn)
Jewellery
 h - the amulet of the Archfiend {Acrobat MR+ Dex+5}
   (You found it in a Gauntlet)

   [amulet of the acrobat]

   It helps you evade while moving and waiting.
   It affects your dexterity (+5).
   It affects your resistance to hostile enchantments.
 o - an amulet of faith (around neck)
 s - an uncursed ring of protection from fire
 x - an uncursed ring of protection from cold
 H - a +3 ring of strength (left hand)
 I - a ring of protection from magic (right hand)
 X - an uncursed ring of see invisible
Wands
 w - a wand of iceblast (13)
Scrolls
 e - 3 scrolls of summoning
 i - 2 scrolls of magic mapping
 j - 2 scrolls of blinking
 k - 6 scrolls of fog
 l - 10 scrolls of teleportation
 m - 16 scrolls of remove curse
 p - a scroll of noise
 q - a scroll of identify
 y - a scroll of enchant weapon
 O - a scroll of fear
Potions
 d - a potion of invisibility
 g - a potion of resistance
 n - 2 potions of agility
 r - 5 potions of heal wounds
 u - a potion of magic
 v - 5 potions of curing
 z - a potion of haste
 L - 2 potions of berserk rage
 P - 4 potions of might
 Q - 3 potions of mutation
Comestibles
 f - 48 rations


   Skills:
 + Level 15.2 Fighting
 + Level 11.9(14.2) Short Blades
 + Level 14.1(15.9) Long Blades
   Level 7.3 Axes
 + Level 16.8 Armour
 + Level 6.6 Dodging
 + Level 2.0 Stealth
 + Level 18.9 Shields
 + Level 4.1 Invocations
 + Level 1.5 Evocations


You had 16 spell levels left.
You didn't know any spells.
Your spell library contained the following spells:

 Spells                   Type           Power        Failure   Level  Hunger
 Apportation              Tloc           #.....       56%         1    ##.....
 Corona                   Hex            #......      56%         1    ##.....
 Summon Butterflies       Summ           #.......     56%         1    ##.....
 Ensorcelled Hibernation  Hex/Ice        #.....       71%         2    ###....
 Poisonous Vapours        Pois/Air       #.....       71%         2    ###....
 Confuse                  Hex            #.......     90%         3    ####...
 Conjure Flame            Conj/Fire      #.......     90%         3    ####...
 Dazzling Spray           Conj/Hex       #.....       90%         3    ####...
 Lesser Beckoning         Tloc           #.........   90%         3    ####...
 Mephitic Cloud           Conj/Pois/Air  #.......     90%         3    ####...
 Recall                   Summ/Tloc      N/A          90%         3    ####...
 Tukima's Dance           Hex            #.......     90%         3    ####...
 Animate Dead             Necr           N/A          100%        4    #####..
 Alistair's Intoxication  Tmut/Pois      #.......     100%        5    ######.
 Borgnjor's Vile Clutch   Necr/Erth      #.........   100%        5    ######.
 Death Channel            Necr           #.........   100%        6    #######
 Freezing Cloud           Conj/Ice/Air   #.........   100%        6    #######
 Invisibility             Hex            #.......     100%        6    #######
 Simulacrum               Ice/Necr       #.........   100%        6    #######
 Malign Gateway           Summ/Tloc      #.........   100%        7    #######
 Monstrous Menagerie      Summ           #.........   100%        7    #######
 Ring of Flames           Chrm/Fire      #.........   100%        7    #######
 Summon Greater Demon     Summ           #.........   100%        7    #######
 Summon Horrible Things   Summ           #.........   100%        8    #######


Dungeon Overview and Level Annotations

Branches:
Dungeon (15/15)            Temple (1/1) D:4            Lair (6/6) D:11
  Swamp (2/4) Lair:3        Snake (1/4) Lair:2        Slime (0/5) Lair:5
    Orc (2/2) D:12            Elf (3/3) Orc:2        Vaults (0/5) D:14
 Depths (0/5) D:15          IceCv (visited)         Volcano (visited)
Gauntlet (visited)

Altars:
Ashenzari
Cheibriados
Dithmenos
Elyvilon
Fedhas
Gozag
Hepliaklqana
Kikubaaqudgha
Makhleb
Nemelex Xobeh
Okawaru
Qazlal
Ru
Sif Muna
Trog
Uskayaw
Vehumet
Wu Jian
Xom
Yredelemnul
Zin
The Shining One
Beogh
Jiyva
Lugonu

Shops:
D:15 ?   Orc:2 [(=}   Elf:2 :

Portals:
Trove: D:12 (give 12 potions of heal wounds)

Annotations:
D:12 3 runed translucent doors, Lynicrei's ghost, journeyman TrMo
D:14 3 runed translucent doors, Faoroateink's ghost, adept GrEE
Elf:1 3 runed translucent doors, Dizaseri's ghost, adept OpAK


Innate Abilities, Weirdness & Mutations

You reflexively headbutt those who attack you in melee.
You have a pair of horns on your head.
You are partially covered in iridescent scales. (AC +2)


Message History

You block the 15-headed hydra's attack.
The 15-headed hydra bites you but does no damage.
The 15-headed hydra misses you. The 15-headed hydra bites you.
* * * LOW HITPOINT WARNING * * *
The 15-headed hydra misses you. The 15-headed hydra closely misses you.
The 15-headed hydra bites you but does no damage. x2
The 15-headed hydra barely misses you. x2; The 15-headed hydra misses you.
The 15-headed hydra bites you.
* * * LOW HITPOINT WARNING * * *
The 15-headed hydra bites you but does no damage.
Blink to where?
Press: ? - help, Dir - move target cursor You are very lightly contaminated with residual magic.
As you read the scroll of blinking, it crumbles to dust.
A shambling mangrove comes into view.
You feel sick.
Found a wand of random effects (21).
Found a stone staircase leading up.
You feel sick. The shambling mangrove misses you.
The shambling mangrove hits you!
You die...

♣.≈≈≈≈D≈≈≈≈..#
♣.≈≈≈≈≈≈§≈≈≈.# .≈.♣
♣≈.≈≈≈ZD.....## ≈≈.≈
♣≈≈≈≈.....≈...♣♣.≈≈.♣
♣.≈≈≈..≈≈≈...≈.♣≈≈≈.♣
♣♣≈≈≈..≈≈≈≈≈.≈♣.≈≈≈.♣
♣♣♣♣♣...≈≈≈≈≈.≈....♣ ≈
♣♣≈♣♣.≈≈≈.≈≈≈≈...≈≈.♣
≈≈♣≈≈...≈≈≈≈≈≈≈f@..≈≈.♣
≈...≈≈.≈≈≈≈≈≈≈≈.≈≈§...♣♣♣♣♣♣
..≈.≈..≈≈≈≈[.≈..≈≈..♣♣♣≈..≈♣
≈♣♣♣♣≈.≈≈≈..≈≈≈≈...≈♣♣≈....♣
♣♣......§..§<≈≈.§♣..§≈.♣
♣♣♣≈♣.≈≈≈...≈.♣♣♣♣♣♣.≈...♣
♣♣≈≈≈..≈≈≈.≈.≈..≈ ♣≈..≈≈<♣
♣.≈≈§...≈≈≈.≈≈≈.. ♣♣♣♣≈≈.♣
♣♣≈.≈≈...≈.≈..≈≈..♣♣♣♣♣♣..≈♣


You could see a shambling mangrove, a six-headed hydra and the friendly Louise
the human zombie.

Vanquished Creatures
  Saint Roka (Orc:2)
  A deep elf sorcerer (Elf:2)
  Louise (Swamp:2)
  A frost giant (IceCv)
  A stone giant (Orc:1)
  A very ugly thing (D:11)
  2 deep elf demonologists (Elf:1)
  Nessos (Lair:6)
  A deep elf annihilator (Elf:2)
  A red draconian (Volcano)
  Snorg (D:10)
  A minotaur (Gauntlet)
  A deep elf high priest (Elf:1)
  2 deep elf death magi
  4 vault guards (D:14)
  13 hydras
  A naga warrior (Snake:1)
  An ice dragon (Lair:4)
  A shambling mangrove (Swamp:1)
  2 centaur warriors
  5 alligators (Swamp:1)
  10 dancing weapons
  7 two-headed ogres
  2 tengu warriors (D:14)
  An ogre mage (D:14)
  Urug (D:12)
  A soul eater (Gauntlet)
  3 orc high priests (Orc:2)
  10 deep elf knights
  5 skeletal warriors (D:12)
  4 unseen horrors
  2 glowing orange brains
  2 wizards (D:14)
  7 deep elf archers
  8 orc knights
  35 deep elf magi
  15 ugly things
  A cyclops (shapeshifter) (Elf:2)
  5 orc sorcerers
  3 oklob plants
  2 salamanders (Snake:1)
  3 manticores
  3 cyclopes
  2 ice statues
  4 elephants (Lair:6)
  5 black mambas
  A torpor snail (Lair:1)
  2 naga magi (Snake:1)
  2 gargoyles
  24 spiny frogs
  7 komodo dragons
  A rime drake (Gauntlet)
  A kobold demonologist (D:15)
  3 yaktaurs
  20 polar bears
  A queen bee (D:13)
  8 tyrant leeches
  5 trolls
  3 meliai (D:13)
  A bog body (Swamp:2)
  16 blink frogs
  4 hornets
  2 slime creatures (D:15)
  A meliai zombie (D:13)
  7 hippogriffs
  9 flying skulls (Gauntlet)
  2 vampires (D:11)
  An air elemental (Elf:1)
  4 spriggans
  3 shadows
  A wraith (D:13)
  3 water elementals
  4 wyverns
  80 yaks
  4 fire elementals (Elf:1)
  A basilisk (shapeshifter) (D:15)
  2 hungry ghosts
  26 vampire mosquitoes
  3 wargs
  2 nagas (Snake:1)
  2 swamp worms
  6 water moccasins
  A soldier ant (D:15)
  Duvessa (D:5)
  28 orc warriors
  A hornet zombie (D:14)
  5 porcupines
  3 swamp drakes (Swamp:1)
  3 ice beasts
  4 sky beasts
  3 black bears
  2 eyes of draining
  6 ogres
  An eye of draining (shapeshifter) (Elf:1)
  2 phantoms
  13 wolves
  12 centaurs
  9 crocodiles
  Blork the orc (D:5)
  26 bullfrogs
  A wyvern zombie (D:14)
  Dowan (D:5)
  4 earth elementals
  A wyvern skeleton (D:13)
  A scorpion (D:7)
  36 killer bees
  2 howler monkeys
  4 electric eels
  3 bullfrog zombies
  6 crimson imps
  2 quasits
  3 centaur zombies
  3 centaur skeletons
  5 hounds
  3 jellies
  22 orc priests
  32 orc wizards
  3 bullfrog skeletons
  5 iguanas
  12 worker ants
  Natasha (thrice) (D:4)
  4 hell rats (Lair:3)
  A worker ant zombie (D:8)
  12 adders
  3 shadow imps
  3 oozes
  2 adder skeletons
  An adder zombie (D:7)
  3 worms (D:3)
  A dart slug (D:2)
  6 leopard geckos
  65 orcs
  4 giant cockroaches
  10 hobgoblins
  14 jackals
  2 quokkas
  2 ball pythons (D:2)
  10 bats
  4 goblins
  9 kobolds
  A leopard gecko skeleton (D:7)
  2 quokka skeletons
  A quokka zombie (D:8)
  9 rats
  5 fungi
  4 plants
897 creatures vanquished.

Vanquished Creatures (collateral kills)
  A vampire mosquito (Swamp:1)
  A swamp worm (Swamp:1)
  A swamp drake (Swamp:1)
3 creatures vanquished.

Vanquished Creatures (others)
  A deep elf mage (Elf:1)
  A yaktaur (D:14)
  An air elemental (Elf:1)
  An earth elemental (Elf:1)
  An orc wizard (Orc:2)
  2 orcs
  5 fungi
  24 plants
36 creatures vanquished.

Grand Total: 936 creatures vanquished

Notes
Turn   | Place    | Note
-------+----------+-------------------------------------------
     0 | D:1      | Peloso the Minotaur Fighter began the quest for the Orb.
     0 | D:1      | Reached XP level 1. HP: 19/19 MP: 0/0
    57 | D:1      | Reached skill level 4 in Shields
    62 | D:1      | Reached XP level 2. HP: 25/27 MP: 1/1
   346 | D:1      | Reached XP level 3. HP: 32/33 MP: 2/2
   713 | D:2      | Found a glowing golden altar of the Shining One.
   713 | D:2      | Found a bloodstained altar of Trog.
   806 | D:2      | Reached XP level 4. HP: 40/40 MP: 3/3
   808 | D:2      | Found a shimmering altar of Xom.
  1332 | D:3      | Reached skill level 5 in Shields
  1332 | D:3      | Reached XP level 5. HP: 21/46 MP: 4/4
  1395 | D:3      | Found an ornate altar of the Wu Jian Council.
  1772 | D:4      | Found a stormy altar of Qazlal.
  2321 | D:4      | Noticed a +0 hand axe
  2322 | D:4      | Noticed a +0 dagger
  2363 | D:4      | Found a staircase to the Ecumenical Temple.
  2369 | D:4      | Reached XP level 6. HP: 53/53 MP: 5/5
  2375 | D:4      | Reached skill level 5 in Long Blades
  2375 | D:4      | Reached skill level 1 in Dodging
  2385 | Temple   | Entered the Ecumenical Temple
  2573 | D:4      | Found a hide-covered altar of Uskayaw.
  2758 | D:4      | Found a blossoming altar of Fedhas.
  2768 | D:4      | Noticed Natasha
  2789 | D:4      | Killed Natasha
  2800 | D:4      | Noticed an oklob plant
  2931 | D:4      | Noticed Natasha
  2942 | D:4      | Killed Natasha
  3022 | D:5      | Entered Level 5 of the Dungeon
  3079 | D:5      | Noticed Blork the orc
  3097 | D:5      | Killed Blork the orc
  3097 | D:5      | Reached skill level 5 in Armour
  3097 | D:5      | Reached XP level 7. HP: 35/60 MP: 6/6
  3226 | D:5      | Reached skill level 6 in Shields
  3294 | D:5      | Noticed Dowan
  3295 | D:5      | Noticed Duvessa
  3301 | D:5      | Killed Duvessa
  3311 | D:5      | Killed Dowan
  3311 | D:5      | Reached skill level 5 in Fighting
  3625 | D:6      | Found an iron altar of Okawaru.
  3645 | D:6      | Became a worshipper of Warmaster Okawaru
  3691 | D:6      | Found an opulent altar of Gozag.
  3729 | D:6      | Reached skill level 7 in Shields
  3856 | D:6      | Reached XP level 8. HP: 67/69 MP: 5/7
  3998 | D:6      | Reached * piety under Okawaru
  4243 | D:6      | Found a shimmering blue altar of Sif Muna.
  4433 | D:6      | Found a burning altar of Makhleb.
  4654 | D:7      | Reached skill level 8 in Shields
  4845 | D:7      | Found a snail-covered altar of Cheibriados.
  4927 | D:7      | Reached ** piety under Okawaru
  5005 | D:7      | Reached XP level 9. HP: 58/75 MP: 5/8
  5511 | D:8      | Found a shadowy altar of Dithmenos.
  5682 | D:8      | Reached skill level 9 in Shields
  5783 | D:8      | Noticed a cyclops
  5792 | D:8      | Killed a cyclops
  6165 | D:8      | Reached *** piety under Okawaru
  6173 | D:8      | Reached skill level 1 in Invocations
  6466 | D:8      | Found an ancient bone altar of Kikubaaqudgha.
  6964 | D:9      | Reached **** piety under Okawaru
  7046 | D:9      | Reached XP level 10. HP: 65/84 MP: 7/9
  7050 | D:9      | Reached skill level 10 in Long Blades
  7442 | D:9      | Reached ***** piety under Okawaru
  7729 | D:9      | Reached skill level 10 in Armour
  7863 | D:9      | Noticed a two-headed ogre
  7899 | D:9      | Killed a two-headed ogre
  7899 | D:9      | Reached skill level 10 in Shields
  8116 | D:9      | Found a runed translucent door.
  8594 | D:9      | Noticed an orc knight
  8620 | D:9      | Killed an orc knight
  8620 | D:9      | Received a gift from Okawaru
  8658 | D:9      | Found a roughly hewn altar of Beogh.
  8853 | D:10     | Entered Level 10 of the Dungeon
  8947 | D:10     | Reached XP level 11. HP: 95/95 MP: 2/11
  9070 | D:10     | Noticed Snorg
  9088 | D:10     | Killed Snorg
  9148 | D:10     | Reached skill level 11 in Shields
  9291 | D:10     | Killed an unseen horror
  9762 | D:11     | Found a staircase to the Lair.
  9765 | D:11     | Found the +12 Vampire's Tooth {vamp}
 10100 | D:11     | Reached ****** piety under Okawaru
 10511 | D:11     | Reached skill level 1 in Short Blades
 10768 | D:12     | Found a runed translucent gate.
 10768 | D:12     | Found a runed translucent gate.
 10768 | D:12     | Found a runed translucent gate.
 10768 | D:12     | Noticed a green very ugly thing
 10768 | D:12     | Noticed a brown ugly thing
 10768 | D:12     | Noticed a purple ugly thing
 10768 | D:12     | Noticed a white ugly thing
 10768 | D:12     | Noticed a glowing orange brain
 10768 | D:12     | Noticed a deep elf mage
 10769 | D:12     | Noticed a purple ugly thing
 10774 | D:12     | Killed a deep elf mage
 10803 | D:12     | Killed an unseen horror
 10803 | D:12     | Received a gift from Okawaru
 10844 | D:12     | Noticed Urug
 10860 | D:12     | Killed Urug
 10871 | D:12     | Reached skill level 5 in Short Blades
 10987 | D:12     | Reached skill level 12 in Shields
 11018 | D:12     | Noticed a green ugly thing
 11029 | D:12     | Killed a green ugly thing
 11072 | D:12     | Noticed a skeletal warrior
 11073 | D:12     | Noticed a skeletal warrior
 11074 | D:12     | Found a staircase to the Orcish Mines.
 11074 | D:12     | Noticed a skeletal warrior
 11095 | D:12     | Killed a skeletal warrior
 11095 | D:12     | Reached XP level 12. HP: 93/104 MP: 8/12
 11410 | D:12     | Noticed a two-headed ogre
 11421 | D:12     | Killed a two-headed ogre
 11551 | D:12     | Received a gift from Okawaru
 11578 | D:12     | Noticed a two-headed ogre
 11586 | D:12     | Killed a two-headed ogre
 11857 | D:12     | Found a portal to a secret trove of treasure.
 12110 | Lair:1   | Entered Level 1 of the Lair of Beasts
 12152 | Lair:1   | Reached skill level 10 in Fighting
 12203 | Lair:1   | Found a dark tunnel.
 12211 | Volcano  | Entered a volcano
 12232 | Volcano  | Noticed a centaur warrior
 12243 | Volcano  | Killed a centaur warrior
 12372 | Volcano  | Noticed a red draconian
 12391 | Volcano  | Killed a red draconian
 12689 | Lair:1   | Noticed a six-headed hydra
 12709 | Lair:1   | Reached skill level 13 in Shields
 13113 | Lair:1   | Killed a two-headed hydra
 13156 | Lair:1   | Noticed a five-headed hydra
 13169 | Lair:1   | Killed a one-headed hydra
 13169 | Lair:1   | Reached skill level 1 in Axes
 13213 | Lair:1   | Reached XP level 13. HP: 114/114 MP: 11/13
 13986 | Lair:2   | Received a gift from Okawaru
 13990 | Lair:2   | Got a steaming dagger {god gift}
 13991 | Lair:2   | Identified the +9 dagger "Kesaodai" {protect, +Inv}
                  | (Okawaru gifted it to you on level 2 of the Lair of Beasts)
 14207 | Lair:2   | Found a staircase to the Snake Pit.
 14592 | Lair:3   | Found a gate leading to a gauntlet.
 14634 | Gauntlet | Entered a Gauntlet
 14634 | Gauntlet | Found a transporter.
 14634 | Gauntlet | Found a runed translucent door.
 14634 | Gauntlet | Found a transporter.
 14634 | Gauntlet | Found a transporter.
 14634 | Gauntlet | Found a runed translucent door.
 14635 | Gauntlet | Found a transporter.
 14636 | Gauntlet | Found a transporter.
 14639 | Gauntlet | Found a transporter.
 14652 | Gauntlet | Found a transporter.
 14653 | Gauntlet | Found a transporter.
 14655 | Gauntlet | Found a transporter.
 14656 | Gauntlet | Found a transporter.
 14658 | Gauntlet | Noticed a reaper
 14663 | Gauntlet | Found a transporter.
 14670 | Gauntlet | Found a transporter.
 15341 | Gauntlet | Got a scorched iron amulet
 15455 | Gauntlet | Got a translucent hat
 15461 | Gauntlet | Identified the +0 hat of Nihilism {-Cast +Blink MR++ rCorr}
                  | (You found it in a Gauntlet)
 15465 | Gauntlet | Got a transparent scimitar
 15466 | Gauntlet | Identified the +6 scimitar "Uhiym" {freeze, +Fly SInv} (You
                  | found it in a Gauntlet)
 15506 | Gauntlet | Noticed a minotaur
 15514 | Gauntlet | Killed a minotaur
 15524 | Gauntlet | Identified the amulet of the Archfiend {Acrobat MR+ Dex+5}
                  | (You found it in a Gauntlet)
 16104 | Lair:3   | Found a staircase to the Swamp.
 16202 | Lair:3   | Received a gift from Okawaru
 16342 | Lair:3   | Reached skill level 5 in Axes
 17016 | Lair:4   | Found a frozen archway.
 17350 | IceCv    | Entered an ice cave
 17465 | IceCv    | Reached skill level 14 in Shields
 17476 | IceCv    | Received a gift from Okawaru
 18102 | IceCv    | Noticed a frost giant
 18142 | IceCv    | Killed a frost giant
 18142 | IceCv    | Reached XP level 14. HP: 115/125 MP: 8/15
 18218 | IceCv    | Got a fine halberd
 18487 | IceCv    | Received a gift from Okawaru
 19402 | Lair:1   | Identified the +4 halberd "Biazxadi" {freeze, rN+} (You
                  | found it in an ice cave)
 19801 | D:13     | Reached skill level 1 in Evocations
 20196 | Orc:1    | Entered Level 1 of the Orcish Mines
 20688 | Orc:2    | Entered Level 2 of the Orcish Mines
 20758 | Orc:2    | Noticed Saint Roka
 21293 | Orc:2    | Killed Saint Roka
 21293 | Orc:2    | Reached skill level 10 in Short Blades
 21293 | Orc:2    | Reached skill level 5 in Dodging
 21293 | Orc:2    | Reached skill level 1 in Stealth
 21293 | Orc:2    | Reached skill level 15 in Shields
 21441 | Orc:2    | Found a staircase to the Elven Halls.
 21574 | Orc:2    | Received a gift from Okawaru
 21596 | Orc:2    | Gained mutation: You are partially covered in iridescent
                  | scales. (AC +2) [a neqoxec]
 22233 | Orc:2    | Found Nuttofo's Gadget Shop.
 22233 | Orc:2    | Found Jemaal's Jewellery Emporium.
 22240 | Orc:2    | Found Weirhuj's Antique Armour Emporium.
 22240 | Orc:2    | Found Woefiyf's Weapon Shop.
 22423 | Orc:1    | Noticed a stone giant
 22436 | Orc:1    | Killed a stone giant
 23005 | D:14     | Found a runed translucent gate.
 23005 | D:14     | Found a runed translucent gate.
 23005 | D:14     | Found a runed translucent gate.
 23015 | D:14     | Reached skill level 15 in Armour
 23268 | D:14     | Noticed Faoroateink's ghost (adept GrEE)
 23287 | D:14     | Reached XP level 15. HP: 104/135 MP: 13/16
 23492 | D:14     | Received a gift from Okawaru
 23652 | D:14     | Reached skill level 16 in Shields
 23988 | D:14     | Found a gate to the Vaults.
 24251 | D:15     | Entered Level 15 of the Dungeon
 24560 | D:15     | Received a gift from Okawaru
 24897 | D:15     | Found Wudghuij's Magic Scroll Shoppe.
 24901 | D:15     | Bought a scroll of acquirement for 728 gold pieces
 24901 | D:15     | Bought a scroll of magic mapping for 49 gold pieces
 24901 | D:15     | Bought a scroll of brand weapon for 280 gold pieces
 24901 | D:15     | Bought a scroll of random uselessness for 14 gold pieces
 24908 | D:15     | Bought a scroll of identify for 28 gold pieces
 24908 | D:15     | Bought a scroll of identify for 28 gold pieces
 24958 | D:15     | Found a staircase to the Depths.
 26238 | Lair:5   | Found a viscous altar of Jiyva.
 26242 | Lair:5   | Found a staircase to the Slime Pits.
 26691 | Lair:6   | Entered Level 6 of the Lair of Beasts
 26720 | Lair:6   | Reached skill level 17 in Shields
 26778 | Lair:6   | Received a gift from Okawaru
 27151 | Lair:6   | Received a gift from Okawaru
 27190 | Lair:6   | Identified the cursed +3 morningstar of Forced Transition
                  | {drain, Int+4}
 27190 | Lair:6   | Noticed Nessos
 27204 | Lair:6   | Killed Nessos
 27371 | Lair:6   | Reached XP level 16. HP: 146/146 MP: 17/17
 28789 | D:12     | Found a runed translucent gate.
 28789 | D:12     | Found a runed translucent gate.
 28795 | D:12     | Noticed Lynicrei's ghost (journeyman TrMo)
 28796 | D:12     | Found a runed translucent gate.
 28870 | Elf:1    | Entered Level 1 of the Elven Halls
 29256 | Elf:1    | Identified the ring of Ytidymig {rF+ rN+ Slay+2 Stlth+}
 29256 | Elf:1    | Noticed Dizaseri's ghost (adept OpAK)
 29264 | Elf:1    | Found a runed translucent gate.
 29264 | Elf:1    | Found a runed translucent gate.
 29266 | Elf:1    | Found a runed translucent gate.
 29371 | Elf:1    | Received a gift from Okawaru
 29372 | Elf:1    | Found the +9 sword of Zonguldrok {reap}
 29627 | Elf:1    | Noticed an Ice Fiend
 29628 | Elf:1    | Noticed an Ice Fiend
 29972 | Elf:1    | Noticed an Executioner
 30301 | Elf:1    | Received a gift from Okawaru
 30334 | Elf:1    | Reached skill level 18 in Shields
 30716 | Elf:1    | Got an ichor-stained ring mail {god gift}
 31630 | Elf:2    | HP: 5/147 [deep elf archer/arrow (9)]
 32218 | Elf:2    | Reached skill level 15 in Fighting
 32471 | Elf:2    | Found Quurghion's Book Shop.
 32595 | Elf:3    | Entered Level 3 of the Elven Halls
 32619 | Elf:3    | Got an iridescent rapier
 32724 | Orc:2    | Identified the +9 rapier "Tiriph" {antimagic, +Rage rC-
                  | Int+4 Dex+5} (You found it on level 3 of the Elven Halls)
 33005 | D:4      | Noticed Natasha
 33008 | D:4      | Killed Natasha
 33723 | Snake:1  | Entered Level 1 of the Snake Pit
 33767 | Snake:1  | Reached XP level 17. HP: 70/156 MP: 9/19
 33824 | Lair:1   | Identified the +4 ring mail of Peloso's Defiance {+Inv
                  | rPois rN++ Dex-4} (Okawaru gifted it to you on level 1 of
                  | the Elven Halls)
 33967 | Swamp:1  | Entered Level 1 of the Swamp
 33982 | Swamp:1  | Received a gift from Okawaru
 34965 | Swamp:2  | Noticed Louise
 34980 | Swamp:2  | Killed Louise
 35030 | Swamp:2  | Slain by a shambling mangrove

Levels and vault maps discovered:
D:1:      tarquinn_simple_flora_water_c, layout_rooms, serial_bayou,
          serial_bayou_pond_e, serial_bayou_shore_b, serial_bayou_pond_b,
          serial_bayou_pond_b
D:2:      layout_basic, xom_teletrap_fun, gammafunk_temple_overflow_wave
D:3:      layout_rooms, lemuel_round_altar, serial_curves, eino_curves_03,
          eino_curves_03
D:4:      layout_basic, dancing_weapons_uskayaw, tgw_fedhas,
          minmay_temple_entry_crystal_x, first_ration, serial_rivers,
          chequers_serial_rivers_small_a, chequers_serial_rivers_small_3,
          chequers_serial_rivers_small_b, chequers_serial_rivers_marsh,
          chequers_serial_rivers_small_3, grunt_qazlal_sundering, uniq_natasha
D:5:      layout_rooms, uniq_duvessa, uniq_blork_the_orc
D:6:      layout_loops_ring, okawaru_gym_becter, kennysheep_little_box,
          lemuel_doored_altar, lightli_temple_of_fire,
          kennysheep_generic_room_12
D:7:      layout_basic, overflow_temple_1_default,
          chequers_serial_rivers_small_3
D:8:      layout_gridville, grunt_dithmenos_smoke_and_mirrors,
          kiku_gazebo_garden_becter
D:9:      layout_roguey, the_bakery, st_stairs_8, zaba_anthole,
          lightli_church_of_beogh
D:10:     layout_basic, uniq_snorg
D:11:     layout_irregular_city, lair_entry_dummy,
          eino_small_chamber_without_monster,
          minmay_guarded_unrand_vampires_tooth
D:12:     layout_stronghold, orc_0_dummy,
          ploomutoo_gammafunk_ghost_potion_laboratory, enter_trove_6, uniq_urug
D:13:     layout_cave_pools, special_room [special_room_bee]
D:14:     layout_long_grid, grunt_vaults_entry_fortified, roderic_lattice_a,
          gammafunk_ghost_icy
D:15:     hangedman_depths_entry_try_elsewhere_first, layout_rooms,
          chequers_big_river, serial_shops, shop_statue
Temple:   corrupted_temple
Lair:1:   layout_loops_ring, lightli_volcano_entry_magma_tube, minivault_24
Lair:2:   layout_small_grid, dummy_snake_entry
Lair:3:   layout_long_grid, minmay_swamp_entry_worms, gauntlet_entry_generic,
          serial_bayou_pond_d, minmay_lair_oklob_chamber, grunt_megastairs_1
Lair:4:   layout_gridlike, portal_ice_cave_entry_animals_and_master,
          lemuel_another_geyser, grunt_megastairs_3, serial_bayou_shore_a
Lair:5:   layout_regular_city, slime_altar_1, beast_lair_carwin_6
Lair:6:   minmay_lair_end_frog_pond, layout_long_grid, lemuel_fruit_tree,
          uniq_nessos
Swamp:1:  layout_falls_marsh, evilmike_swamp_ruin_wall
Swamp:2:  layout_basic_swamp, ebering_ghost_rock_garden,
          evilmike_swamp_ruin_house_2, swamp_pool2, hangedman_swamp_blocks,
          nicolae_swamp_little_tower, uniq_louise
Snake:1:  layout_basic, serial_bayou, serial_bayou_pond_c, serial_bayou_pond_c,
          serial_bayou_pond_c, serial_bayou_pond_d, special_room, drop_trap
Orc:1:    minmay_goldmine, layout_caves
Orc:2:    grunt_orc_tribal_feast, layout_caves, uniq_saint_roka
Elf:1:    eino_elf_arrival_shootout, layout_geoelf_diagonals,
          gammafunk_ghost_split, evilmike_minifort
Elf:2:    layout_onion_city, serial_shops, nicolae_shop_waterfront,
          palyth_stone_intersect
Elf:3:    minmay_elf_hall_not_hex, layout_loops_cross, basic_altar

Skill      XL: |  1  2  3  4  5  6  7  8  9 10 11 12 13 14 15 16 17 |
---------------+----------------------------------------------------+-----
Shields        | 4 5 7 8 9 10 12 13 14 15 17 18 | 18.9
Armour         | 4 5 6 7 9 10 11 12 14 15 16 | 16.8
Fighting       | 4 5 6 8 9 10 11 13 14 15 | 15.2
Long Blades    | 3 4 6 8 9 11 12 13 14 | 14.1
Dodging        | 1 2 3 4 5 6 |  6.6
Invocations    | 1 2 3 4 |  4.1
Short Blades   | 6 9 10 11 | 11.9
Axes           | 1 5 7 |  7.3
Evocations     | 1 |  1.5
Stealth        | 1 2 |  2.0

Action                   |  1- 3 |  4- 6 |  7- 9 | 10-12 | 13-15 | 16-18 || total
-------------------------+-------+-------+-------+-------+-------+-------++-------
Melee: Long sword        |    81 |   159 |   379 |   323 |       |       ||   942
       Headbutt          |     9 |    36 |    77 |   201 |   529 |   184 ||  1036
       Quick blade       |       |       |       |   498 |  1916 |   473 ||  2887
       Battleaxe         |       |       |       |    14 |    40 |       ||    54
       Scimitar          |       |       |       |       |   105 |     5 ||   110
       Double sword      |       |       |       |       |       |   269 ||   269
       Rapier            |       |       |       |       |       |    23 ||    23
Invok: Heroism           |       |       |     3 |    15 |    19 |     6 ||    43
       Finesse           |       |       |       |     1 |     2 |       ||     3
Evoke: Wand              |       |       |       |       |    16 |       ||    16
  Use: Scroll            |       |     3 |     3 |     9 |    13 |    10 ||    38
       Potion            |       |     2 |       |     8 |     4 |     2 ||    16
 Stab: Distracted        |       |       |       |       |       |     1 ||     1
  Eat: Chunk             |       |     7 |    11 |    20 |    39 |     9 ||    86
       Ration            |       |       |     1 |       |     2 |     5 ||     8
Armor: Scale mail        |    28 |       |       |       |       |       ||    28
       Chain mail        |    27 |    72 |   183 |    87 |   427 |       ||   796
       Plate armour      |       |       |       |   167 |   205 |   129 ||   501
       Ring mail         |       |       |       |       |       |    69 ||    69
Dodge: Dodged            |    34 |    35 |   120 |   161 |   478 |   212 ||  1040
Block: Shield            |    55 |    83 |   232 |   327 |   897 |   395 ||  1989
       Reflection        |       |       |       |       |    28 |    64 ||    92
       Rpst.: Long sword |    10 |    12 |    31 |    16 |       |       ||    69
       Scimitar          |       |       |       |       |    11 |       ||    11
       Double sword      |       |       |       |       |       |    16 ||    16
